 Dungeon Crawl Stone Soup version 0.24.1-14-gf8d2b509d9 (webtiles) character file.

Game seed: 15778662559888830236, levelgen mode: deterministic

69 enile the Sneak (level 4, 0/31 HPs)
             Began as an Octopode Assassin on Mar 4, 2022.
             Slain by an orc wizard
             ... wielding a +0 dagger
              (6 damage)
             ... on level 2 of the Dungeon.
             The game lasted 00:03:00 (2236 turns).

enile the Sneak (Octopode Assassin)                 Turns: 2236, Time: 00:03:01

Health: 0/31       AC:  1    Str: 11    XL:     4   Next: 20%
Magic:  4/4        EV:  8    Int: 13    God:
Gold:   78         SH:  0    Dex: 13    Spells: 3/3 levels left

rFire    . . .     SeeInvis .   a - +2 dagger
rCold    . . .     Gourm    .   p - +0 large shield (curse)
rNeg     . . .     Faith    .   (helmet restricted)
rPois    .         Spirit   .   (no amulet)
rElec    .         Reflect  .   (no ring)
rCorr    .         Harm     .   (no ring)
MR       .....                  (no ring)
Stlth    ++........             (no ring)
HPRegen  0.10/turn              (no ring)
MPRegen  0.09/turn              (no ring)
                                (no ring)
                                (no ring)

@: confused
A: almost no armour, stealthy swim, amphibious, 8 rings, constrict 8, camouflage
1, gelatinous body 1
a: no special abilities


You were on level 2 of the Dungeon.
You were not hungry.

You visited 1 branch of the dungeon, and saw 3 of its levels.

You collected 78 gold pieces.

Inventory:

Hand Weapons
 a - a +2 dagger (weapon)
Missiles
 b - 18 poisoned darts (quivered)
 c - 2 curare-tipped darts
Armour
 p - a cursed +0 large shield (worn)
Jewellery
 o - an uncursed ring of protection from cold {unknown}
Scrolls
 f - a scroll of immolation {unknown}
 j - 2 scrolls of magic mapping {unknown}
 l - 2 scrolls of remove curse {unknown}
 n - 4 scrolls of identify {unknown}
Potions
 e - a potion of cancellation {unknown}
 g - 2 potions of mutation {unknown}
 h - 2 potions of lignification {unknown}
 i - 2 potions of degeneration {unknown}
 k - a potion of might {unknown}
 m - 2 potions of agility {unknown}
 q - a potion of resistance {unknown}
 r - a potion of berserk rage {unknown}
 s - a potion of haste {unknown}
Comestibles
 d - 5 rations
 t - a chunk of flesh


   Skills:
 - Level 3.0 Fighting
 - Level 2.4 Short Blades
 - Level 2.4 Throwing
 - Level 1.6 Dodging
 - Level 5.7 Stealth
 + Level 0.5 Shields


You had 3 spell levels left.
You didn't know any spells.
Your spell library was empty.

Dungeon Overview and Level Annotations

Branches:
Dungeon (3/15)

Altars:


Innate Abilities, Weirdness & Mutations

You cannot wear most types of armour.
You are very stealthy in the water. (Stealth+)
You are amphibious.
You can wear up to eight rings at the same time.
You can use your tentacles to constrict eight enemies at once.
Your skin changes colour to match your surroundings (Stealth+).
Your rubbery body absorbs attacks. (AC +1, EV +1)


Message History

The orc hits you. Something hits you but does no damage.
Deactivating autopickup; reactivate with Ctrl-A.
You block the orc's attack.
You completely miss the orc. You grab the orc.
The orc is heavily wounded.
You constrict the orc, but do no damage.
Something hits you.
* * * LOW HITPOINT WARNING * * *
You block the orc's attack. Something hits you.
* * * LOW HITPOINT WARNING * * *
You hit the orc but do no damage. You squeeze the orc.
You kill the orc!
You hear some strange, mumbled words.
You are confused.
Sorry, you're not good enough to have a special ability.
You hit something but do no damage.
You hear some strange, mumbled words.
You are more confused.
You miss something. Something hits you.
You die...

#.# #.# # #.# #.#
############## #.# #.#
#...........## #.#
##'## #....<......##
#.# #...#
#...........## #.#
#...# #...........##
#.# #...#
#...........#. #.#
#...#####...........#.
#.#
#....@[.........)...#.
#.#
#...#####...........#.
#.# #...#
#...........#. #.#
#...# ###'#########.
#.# #...# #.# #. #.#
#...# #.# #. #.# #####
#.# #. #.#
#.#########. #.#
#.#......)>.


There were no monsters in sight!

Vanquished Creatures
  2 adders (D:2)
  3 orcs
  6 bats
  2 giant cockroaches (D:1)
  4 goblins
  5 hobgoblins (D:1)
  7 jackals
  3 frilled lizards
  7 kobolds
  7 rats
46 creatures vanquished.

Vanquished Creatures (others)
  5 toadstools (D:1)
5 creatures vanquished.

Grand Total: 51 creatures vanquished

Notes
Turn   | Place    | Note
-------+----------+-------------------------------------------
     0 | D:1      | enile the Octopode Assassin began the quest for the Orb.
     0 | D:1      | Reached XP level 1. HP: 14/14 MP: 1/1
   157 | D:1      | Reached XP level 2. HP: 19/19 MP: 2/2
   727 | D:1      | Reached XP level 3. HP: 14/24 MP: 3/3
  2105 | D:2      | Reached XP level 4. HP: 30/30 MP: 4/4
  2236 | D:2      | Slain by an orc wizard

Levels and vault maps discovered:
D:1:      ldierk_walled_garden, layout_basic, minivault_25,
          kennysheep_nondescript, minmay_stone_trees_small,
          hangedman_glass_teeth
D:2:      layout_basic, first_ration
D:3:      layout_rooms, minmay_starry_boxes

Skill      XL: |  1  2  3  4 |
---------------+-------------+-----
Fighting       | 3 |  3.0
Short Blades   | |  2.4
Throwing       | |  2.4
Dodging        | |  1.6
Stealth        | |  5.7
Shields        | |  0.5

Action                   |  1- 3 |  4- 6 || total
-------------------------+-------+-------++-------
Melee: Dagger            |    60 |    23 ||    83
       Constrict         |    14 |     5 ||    19
       Tentacles         |     6 |     7 ||    13
  Use: Scroll            |     1 |       ||     1
 Stab: Sleeping          |    15 |     1 ||    16
  Eat: Chunk             |     2 |     2 ||     4
Armor: Skin              |     9 |     2 ||    11
Dodge: Dodged            |    53 |     5 ||    58
Block: Large shield      |       |    14 ||    14
